 Dungeon Crawl Stone Soup version 0.20-a0-19-gd4fea00 (webtiles) character file.

45843 Crabhammer the Carver (level 14, -11/72 HPs)
             Began as a Vine Stalker Fighter on Nov 6, 2016.
             Was the Champion of Cheibriados.
             Mangled by an entropy weaver (14 damage)
             ... on level 5 of the Lair of Beasts.
             The game lasted 01:42:44 (17048 turns).

Crabhammer the Carver (Vine Stalker Fighter)       Turns: 17048, Time: 01:42:47

Health: -11/72     AC:  0    Str: 34    XL:     14   Next: 34%
Magic:  0/27       EV: 25    Int: 27    God:    Cheibriados [******]
Gold:   1184       SH: 15    Dex: 30    Spells: 9 memorised, 8 levels left

rFire  . . .     SeeInvis .     a - +1 long sword
rCold  + . .     Gourm    +     k - +1 leather armour {rC+}
rNeg   . . .     Faith    .     C - +0 shield
rPois  .         Spirit   +     e - +2 helmet
rElec  .         Reflect  .     p - +0 cloak
rCorr  .         Harm     .     h - +0 pair of gloves
MR     +....                    z - +0 pair of boots
Stlth  +++.......               P - amulet of the gourmand
                                K - ring of Shaolin {EV+8}
                                D - ring of wizardry

@: corroded, repel missiles, very slow
A: fangs 3, regeneration 2, magic shield, antimagic bite, no device heal 3, rot
immunity
a: Bend Time, Temporal Distortion, Slouch, Step From Time, Renounce Religion


You were on level 5 of the Lair of Beasts.
You worshipped Cheibriados.
Cheibriados was exalted by your worship.
You were completely stuffed.

You visited 3 branches of the dungeon, and saw 20 of its levels.
You also visited: Sewer.

You collected 1244 gold pieces.
You spent 60 gold pieces at shops.

Inventory:

Hand Weapons
 a - a +1 long sword (weapon)
 O - a +0 falchion of holy wrath
Armour
 e - a +2 helmet (worn)
 h - a +0 pair of gloves (worn)
 k - a +1 leather armour of cold resistance (worn)
 p - a +0 cloak (worn)
 u - a +0 troll leather armour
 z - a +0 pair of boots (worn)
 C - a +0 shield (worn)
Magical Staves
 c - an uncursed staff of summoning
 F - an uncursed staff of air
Jewellery
 A - an uncursed ring of ice
 D - a ring of wizardry (left hand)
 K - the ring of Shaolin (right hand) {EV+8}
   (You found it on level 12 of the Dungeon)

   [ring of evasion]

   It affects your evasion (+8).
 P - an amulet of the gourmand (around neck)
 Q - an uncursed ring of protection from cold {unknown}
Wands
 H - a wand of disintegration (6/24)
 N - a wand of acid (11/15)
Scrolls
 g - 4 scrolls of enchant weapon
 i - 6 scrolls of identify
 j - 11 scrolls of remove curse
 n - 2 scrolls of blinking
 r - 2 scrolls of enchant armour
 y - 2 scrolls of fog
 B - 3 scrolls of recharging
 I - a scroll of immolation
 R - a scroll of silence {unknown}
 S - a scroll of amnesia
Potions
 l - a potion of agility {unknown}
 o - 4 potions of lignification
 v - 3 potions of curing
 x - a potion of cancellation
 G - a potion of beneficial mutation {unknown}
 L - a potion of flight
 M - a potion of invisibility
Books
 t - a book of Minor Magic

   Spells                             Type                      Level
   a - Magic Dart                     Conjuration                  1
   b - Blink                          Translocation                2
   c - Call Imp                       Summoning                    2
   d - Repel Missiles                 Charms/Air                   2
   e - Slow                           Hexes                        2
   f - Conjure Flame                  Conjuration/Fire             3
   g - Mephitic Cloud                 Conjuration/Poison/Air       3
 J - a book of Maledictions

   Spells                             Type                      Level
   a - Corona                         Hexes                        1
   b - Ensorcelled Hibernation        Hexes/Ice                    2
   c - Confuse                        Hexes                        3
   d - Tukima's Dance                 Hexes                        3
   e - Dazzling Spray                 Conjuration/Hexes            3
Miscellaneous
 w - a phantom mirror
Comestibles
 b - a royal jelly
 f - 16 bread rations
 m - 6 meat rations
 q - 16 fruits
 s - 4 beef jerkies
 E - 3 slices of pizza


   Skills:
 + Level 7.6 Fighting
 + Level 11.8 Long Blades
 + Level 5.0 Armour
 + Level 6.1 Dodging
 + Level 1.8 Stealth
 + Level 9.2 Shields
 * Level 8.9 Spellcasting
 + Level 7.8 Conjurations
 + Level 2.4 Hexes
 + Level 0.4 Charms
 + Level 0.6 Summonings
 + Level 3.6 Translocations
 + Level 0.6 Fire Magic
 + Level 1.9 Air Magic
 + Level 1.6 Poison Magic
 * Level 7.0 Invocations


You had 8 spell levels left.
You knew the following spells:

 Your Spells              Type           Power        Failure   Level  Hunger
a - Magic Dart            Conj           ####         1%          1    None
b - Blink                 Tloc           N/A          1%          2    None
c - Mephitic Cloud        Conj/Pois/Air  ####....     4%          3    None
d - Conjure Flame         Conj/Fire      ####....     4%          3    None
e - Call Imp              Summ           ###.....     6%          2    None
f - Repel Missiles        Chrm/Air       ###...       4%          2    None
g - Dazzling Spray        Conj/Hex       #####.       1%          3    None
h - Confuse               Hex            ####....     6%          3    None
i - Tukima's Dance        Hex            ####....     6%          3    None


Dungeon Overview and Level Annotations

Branches:
Dungeon (14/15)            Temple (1/1) D:7            Lair (5/6) D:9
  Swamp (0/4) Lair:2        Snake (0/4) Lair:3          Orc (0/2) D:10
 Vaults (0/5) D:14
  Slime: Lair:5-6

Altars:
Ashenzari
Cheibriados
Dithmenos
Elyvilon
Fedhas
Gozag
Hepliaklqana
Kikubaaqudgha
Makhleb
Nemelex Xobeh
Okawaru
Qazlal
Ru
Sif Muna
Trog
Uskayaw
Vehumet
Xom
Yredelemnul
Zin
The Shining One

Shops:
D:6 !   D:10 }


Innate Abilities, Weirdness & Mutations

You have razor-sharp teeth.
You heal very quickly.
When hurt, damage is shared between your health and your magic reserves.
Your bite disrupts and absorbs the magic of your enemies.
Potions and wands cannot restore your health.
You are immune to rotting.


Message History

Confirm with . or Enter, or press ? or * to list all spells.
You blink.
A worker ant comes into view.
The entropy weaver misses you. x2; The entropy weaver hits you! x2
The entropy weaver mumbles some strange words.
The entropic weave corrodes you!
Casting: Blink
Confirm with . or Enter, or press ? or * to list all spells.
You blink.
You block the worker ant's attack. The entropy weaver hits you!
The entropy weaver hits you. The entropy weaver hits you!
* * * LOW HITPOINT WARNING * * *
You block the entropy weaver's attack. The worker ant barely misses you.
You riposte.
You barely miss the worker ant.
You bite the worker ant, but do no damage.
The queen ant stings you!
* * * LOW HITPOINT WARNING * * *
The entropy weaver hits you.
* * * LOW HITPOINT WARNING * * *
You block the entropy weaver's attack. The entropy weaver hits you!
You die... ..# ###♣... # ...#P#♣P.P. #.
P....#.♣≈♣. .# ## .....P♣.≈≈. a#a

#..... P♣≈.#####a#
.....#♣#[♣♣.#.aa@##
P....# ..♣...##aaa#
...<.# ♣#P♣.##a§$!#
#....###...♣#######
...........#
#.........##
##........#
#.........#
##.........#


You could see a queen ant, 2 entropy weavers, 2 soldier ants and 4 worker ants.

Vanquished Creatures
  The ghost of kongx8 the Fighter, a journeyman MiFi of Makhleb (D:12)
  Nessos (D:13)
  The ghost of Kingduke777 the Cleaver, a journeyman DrGl of Makhleb (D:11)
  The ghost of diesel the Severer, a journeyman HOFi of Okawaru (D:11)
  The ghost of micr0chasm the Nimble, a journeyman TeAs of Kikubaaqudgha (D:10)
  Harold (D:10)
  A hydra (Lair:3)
  5 centaur warriors
  2 unseen horrors
  3 hill giants
  2 wolf spider zombies
  A deep elf mage (D:14)
  A wolf spider (shapeshifter) (D:14)
  2 ugly things
  An orc knight (D:13)
  4 cyclopes
  A manticore (D:11)
  6 elephants (Lair:4)
  A shining eye (shapeshifter) (D:14)
  2 gargoyles
  2 komodo dragons (Lair:2)
  2 rime drakes
  A kobold demonologist (D:13)
  4 spiny frogs
  2 two-headed ogres
  A hornet (D:10)
  A polar bear (Lair:4)
  2 trolls
  6 blink frogs (Lair:3)
  A blink frog (shapeshifter) (D:13)
  2 hippogriffs
  A dream sheep (shapeshifter) (D:14)
  3 wyverns
  A vampire (D:12)
  A shadow (D:14)
  A spriggan (D:7)
  A basilisk (D:13)
  3 wraiths
  33 yaks
  A hungry ghost (D:14)
  Grum (Lair:1)
  10 vampire mosquitoes
  2 steam dragons
  Menkaure (D:6)
  A naga (Lair:3)
  A warg (D:14)
  A soldier ant (D:14)
  7 water moccasins
  2 dancing weapons
  Duvessa (D:4)
  5 porcupines
  6 sky beasts
  11 orc warriors
  2 phantoms
  3 black bears
  4 ice beasts
  4 ogres
  11 wolves
  An eye of draining (D:14)
  A necrophage (D:9)
  10 centaurs
  16 crocodiles
  A big kobold (D:11)
  11 bullfrogs
  2 gnoll sergeants
  A wyvern zombie (D:13)
  Dowan (D:4)
  5 scorpions
  A wyvern skeleton (D:14)
  A water moccasin skeleton (D:4)
  16 killer bees
  2 electric eels
  5 howler monkeys
  5 crimson imps
  A quasit (D:5)
  2 bullfrog zombies
  2 centaur zombies
  4 hounds
  5 jellies
  3 bullfrog skeletons
  8 orc priests
  4 centaur skeletons
  13 orc wizards
  Jessica (D:2)
  11 iguanas
  7 worker ants
  A howler monkey zombie (D:5)
  Robin (D:2)
  A howler monkey skeleton (D:10)
  8 gnolls
  16 adders
  A river rat (D:9)
  3 shadow imps
  14 oozes
  2 adder skeletons (D:9)
  3 worms (D:2)
  A dart slug (D:1)
  21 leopard geckos
  63 orcs
  19 giant cockroaches
  12 hobgoblins
  3 jackals (D:3)
  3 kobolds
  5 quokkas
  7 ball pythons
  11 bats
  15 frilled lizards
  14 goblins
  A jackal zombie (D:5)
  13 rats
  A butterfly (Lair:2)
  A fungus (Lair:3)
  6 plants (Lair:3)
566 creatures vanquished.

Vanquished Creatures (collateral kills)
  A yak (D:11)
  A naga (Lair:3)
  A gnoll (D:12)
3 creatures vanquished.

Vanquished Creatures (others)
  Sonja (D:10)
  A dancing weapon (D:13)
  A bush (Lair:3)
  33 fungi
  65 plants
101 creatures vanquished.

Grand Total: 670 creatures vanquished

Notes
Turn   | Place    | Note
-------+----------+-------------------------------------------
     0 | D:1      | Crabhammer the Vine Stalker Fighter began the quest for the Orb.
     0 | D:1      | Reached XP level 1. HP: 11/11 MP: 2/2
   326 | D:1      | Reached XP level 2. HP: 14/16 MP: 3/3
   620 | D:1      | Reached skill level 2 in Long Blades
   894 | D:1      | Reached XP level 3. HP: 19/19 MP: 4/4
  1086 | D:2      | Found a deep blue altar of Sif Muna.
  1257 | D:2      | Noticed Jessica
  1275 | D:2      | Killed Jessica
  1275 | D:2      | Gained mutation: Your natural rate of healing is unusually fast. [Vine Stalker growth]
  1275 | D:2      | Reached XP level 4. HP: 23/23 MP: 5/5
  1345 | D:2      | Reached skill level 3 in Long Blades
  1442 | D:2      | Found an iron altar of Okawaru.
  1491 | D:2      | Noticed Robin
  1491 | D:2      | Reached XP level 5. HP: 28/28 MP: 6/6
  1506 | D:2      | Reached skill level 1 in Dodging
  1518 | D:2      | Killed Robin
  1841 | D:3      | Found a blossoming altar of Fedhas.
  2396 | D:3      | Found a hide-covered altar of Uskayaw.
  2398 | D:3      | Found a shadowy altar of Dithmenos.
  2398 | D:3      | Found a bloodstained altar of Trog.
  2401 | D:3      | Found a shattered altar of Ashenzari.
  2548 | D:4      | Noticed Duvessa
  2548 | D:4      | Noticed Dowan
  2636 | D:4      | Reached XP level 6. HP: 22/32 MP: 7/7
  2639 | D:4      | Found a glowing drain.
  2654 | Sewer    | Entered a sewer
  2824 | Sewer    | Reached skill level 4 in Long Blades
  3051 | Sewer    | Reached XP level 7. HP: 15/36 MP: 8/8
  3413 | D:4      | Killed Duvessa
  3413 | D:4      | Reached skill level 5 in Long Blades
  3427 | D:4      | Killed Dowan
  3652 | D:4      | Gained mutation: You have razor-sharp teeth. [Vine Stalker growth]
  3652 | D:4      | Reached XP level 8. HP: 25/42 MP: 9/9
  3794 | D:5      | Entered Level 5 of the Dungeon
  4016 | D:5      | Reached skill level 6 in Long Blades
  4302 | D:5      | Reached skill level 5 in Shields
  4920 | D:6      | Noticed Menkaure
  4925 | D:6      | Killed Menkaure
  4925 | D:6      | Reached XP level 9. HP: 46/46 MP: 10/10
  5068 | D:6      | Learned a level 1 spell: Magic Dart
  5071 | D:6      | Learned a level 2 spell: Blink
  5079 | D:6      | Found Ebeaxe's Distillery.
  5093 | D:6      | Bought a potion of mutation for 27 gold pieces
  5093 | D:6      | Bought a potion of lignification for 33 gold pieces
  5274 | D:7      | Reached skill level 7 in Long Blades
  5371 | D:7      | Reached skill level 1 in Spellcasting
  5531 | D:7      | Found a stormy altar of Qazlal.
  5638 | D:7      | Found a staircase to the Ecumenical Temple.
  5649 | Temple   | Entered the Ecumenical Temple
  5836 | Temple   | Became a worshipper of Cheibriados the Contemplative
  6231 | D:8      | Noticed a two-headed ogre
  6242 | D:8      | Killed a two-headed ogre
  6242 | D:8      | Reached skill level 5 in Fighting
  6766 | D:8      | Found a sacrificial altar of Ru.
  6767 | D:8      | Found a radiant altar of Vehumet.
  6947 | D:8      | Found a hazy altar of Hepliaklqana.
  6948 | D:8      | Found a shimmering altar of Xom.
  6948 | D:8      | Noticed a thorn hunter
  6949 | D:8      | Noticed a thorn hunter
  6949 | D:8      | Noticed a spectral ugly thing
  7015 | D:8      | Reached * piety under Cheibriados
  7015 | D:8      | Reached skill level 1 in Conjurations
  7101 | D:9      | Reached skill level 1 in Translocations
  7219 | D:9      | Reached XP level 10. HP: 51/51 MP: 14/14
  7224 | D:9      | Reached skill level 8 in Long Blades
  7452 | D:9      | Reached ** piety under Cheibriados
  7624 | D:9      | Found a staircase to the Lair.
  8179 | D:9      | Found a glowing golden altar of the Shining One.
  8246 | D:10     | Entered Level 10 of the Dungeon
  8246 | D:10     | Noticed Harold
  8272 | D:10     | Killed Harold
  8427 | D:10     | Reached skill level 9 in Long Blades
  8474 | D:10     | Noticed micr0chasm's ghost (journeyman TeAs)
  8479 | D:10     | Noticed Sonja
  8484 | D:10     | Found Wuyps's Gadget Emporium.
  8636 | D:10     | Reached XP level 11. HP: 56/56 MP: 15/17
  8698 | D:10     | Reached *** piety under Cheibriados
  8890 | D:10     | Learned a level 3 spell: Mephitic Cloud
  8894 | D:10     | Learned a level 3 spell: Conjure Flame
  8897 | D:10     | Learned a level 2 spell: Call Imp
  8900 | D:10     | Learned a level 2 spell: Repel Missiles
  8907 | D:10     | Found a staircase to the Orcish Mines.
  8961 | D:10     | Killed Sonja
  9110 | D:10     | Killed micr0chasm's ghost
  9110 | D:10     | Reached skill level 1 in Invocations
  9139 | D:10     | Noticed a cyan ugly thing
  9264 | D:10     | Killed a cyan ugly thing
  9453 | D:10     | Reached skill level 5 in Dodging
  9479 | D:11     | Noticed a hill giant
  9489 | D:11     | Killed a hill giant
  9489 | D:11     | Reached **** piety under Cheibriados
  9489 | D:11     | Reached skill level 1 in Air Magic
  9932 | D:11     | Noticed diesel's ghost (journeyman HOFi)
 10003 | D:11     | Killed diesel's ghost
 10089 | D:11     | Noticed a purple ugly thing
 10101 | D:11     | Killed a purple ugly thing
 10143 | D:11     | You fall through a shaft!
 10235 | D:12     | Killed an unseen horror
 10261 | D:12     | Reached ***** piety under Cheibriados
 10267 | D:12     | Reached skill level 5 in Spellcasting
 10267 | D:12     | Reached skill level 5 in Conjurations
 10468 | D:12     | Reached skill level 1 in Poison Magic
 10468 | D:12     | Gained mutation: You heal very quickly. [Vine Stalker growth]
 10468 | D:12     | Reached XP level 12. HP: 47/62 MP: 20/20
 10527 | D:12     | Reached skill level 10 in Long Blades
 10808 | D:12     | Noticed kongx8's ghost (journeyman MiFi)
 10965 | D:12     | Killed kongx8's ghost
 10983 | D:12     | Noticed a centaur warrior
 10989 | D:12     | Killed a centaur warrior
 11185 | D:12     | Learned a level 3 spell: Dazzling Spray
 11189 | D:12     | Learned a level 3 spell: Confuse
 11193 | D:12     | Learned a level 3 spell: Tukima's Dance
 11352 | D:11     | Noticed Kingduke777's ghost (journeyman DrGl)
 11363 | D:11     | Killed Kingduke777's ghost
 11923 | D:13     | Reached skill level 5 in Invocations
 11999 | D:13     | Noticed a centaur warrior
 12003 | D:13     | Killed a centaur warrior
 12053 | D:13     | Reached skill level 1 in Hexes
 12066 | D:13     | Reached ****** piety under Cheibriados
 12066 | D:13     | Reached XP level 13. HP: 64/67 MP: 24/24
 12472 | D:13     | Noticed Nessos
 12497 | D:13     | Killed Nessos
 12770 | D:14     | Found a gate to the Vaults.
 12776 | D:14     | Noticed a spark wasp
 12776 | D:14     | a death drake changed into a spark wasp
 12785 | D:14     | Reached skill level 11 in Long Blades
 13164 | D:14     | Noticed a great orb of eyes
 13164 | D:14     | an anaconda changed into a great orb of eyes
 13168 | D:14     | a great orb of eyes changed into a wolf spider
 13277 | Lair:1   | Entered Level 1 of the Lair of Beasts
 13277 | Lair:1   | Noticed Grum
 13293 | Lair:1   | Killed Grum
 14339 | Lair:2   | Found a staircase to the Swamp.
 14427 | Lair:2   | Got a faintly humming robe
 14438 | Lair:2   | Identified the +1 robe "Xiwuob" {*Contam *Corrode +Blink rElec Dex+7} (You found it on level 2 of the Lair of Beasts)
 14895 | Lair:3   | Found a staircase to the Snake Pit.
 14901 | Lair:3   | Reached XP level 14. HP: 72/72 MP: 27/27
 15073 | Lair:3   | Reached skill level 1 in Stealth
 16226 | Lair:4   | Reached skill level 5 in Armour
 17035 | Lair:5   | Noticed an entropy weaver
 17036 | Lair:5   | Noticed an entropy weaver
 17048 | Lair:5   | HP: 3/72 [entropy weaver (5)]
 17048 | Lair:5   | Mangled by an entropy weaver

Vault maps used:
D:1:      tarquinn_simple_flora_water_c, hex_intersection
D:2:      okawaru_altar_gauntlet_db, lemuel_crystal_altar, uniq_jessica,
          uniq_robin
D:3:      minitemple
D:4:      portal_sewer_entry_f, uniq_duvessa
D:5:      first_bread
D:6:      serial_shops, nicolae_shop_stone, uniq_menkaure
D:7:      lemuel_crystal_altar, the_bakery, lemuel_flame_loot_1
D:8:      regret_index_temple_of_mockery, gammafunk_temple_overflow_statue,
          hangedman_abyss_or_decor_stabs
D:9:      due_lair_maze_entry_diamond, nicolae_tso_carved_into_rock
D:10:     david_orc_4, serial_shops, shop, uniq_sonja, uniq_harold
D:11:     basic_loot_grate_trap, hangedman_abyss_or_decor_stagger
D:13:     uniq_nessos
D:14:     david_vaults_2, chequers_big_river
Temple:   grunt_temple_mini_profane
Lair:1:   fungi_pond_lemuel, serial_bayou_shore_a, uniq_grum
Lair:2:   swamp_mist, lemuel_fruit_fields, lemuel_fruit_fields
Lair:3:   lemuel_reptile_caves, guppyfry_snake_entry_garden, serial_forest,
          infiniplex_forest_clump_long, infiniplex_forest_clump_curved,
          infiniplex_forest_straight_2, infiniplex_forest_zigzag_2,
          infiniplex_forest_end_1, infiniplex_forest_clump_curved,
          serial_bayou_pond_a, guppyfry_lair_drakes
Lair:5:   dpeg_slime_entry_enclosed_altar, wad_woods_antlair,
          lemuel_fruit_fields
Sewer:    sewer_frog_island_02

Skill      XL: |  1  2  3  4  5  6  7  8  9 10 11 12 13 14 |
---------------+-------------------------------------------+-----
Shields        | 3 4 5 6 7 8 9 |  9.2
Long Blades    | 2 3 4 5 6 7 9 10 11 | 11.8
Fighting       | 3 4 5 6 7 |  7.6
Dodging        | 1 2 3 4 5 6 |  6.1
Armour         | 3 4 5 |  5.0
Spellcasting   | 2 3 5 7 8 |  8.9
Conjurations   | 1 3 5 6 7 |  7.8
Translocations | 1 3 |  3.6
Invocations    | 3 5 6 7 |  7.0
Air Magic      | 1 |  1.9
Poison Magic   | 1 |  1.6
Hexes          | 1 2 |  2.4
Stealth        | 1 |  1.8
Charms         | |  0.4
Summonings     | |  0.6
Fire Magic     | |  0.6

Action                   |  1- 3 |  4- 6 |  7- 9 | 10-12 | 13-15 || total
-------------------------+-------+-------+-------+-------+-------++-------
Melee: Long sword        |    88 |   254 |   420 |   650 |   561 ||  1973
       Bite              |    23 |    87 |   157 |   439 |   404 ||  1110
 Cast: Magic Dart        |       |       |     1 |    57 |    23 ||    81
       Mephitic Cloud    |       |       |       |    20 |    15 ||    35
       Conjure Flame     |       |       |       |     7 |       ||     7
       Call Imp          |       |       |       |     7 |     3 ||    10
       Dazzling Spray    |       |       |       |     6 |     9 ||    15
       Tukima's Dance    |       |       |       |     4 |     9 ||    13
       Blink             |       |       |       |     3 |     6 ||     9
       Repel Missiles    |       |       |       |     2 |     1 ||     3
       Confuse           |       |       |       |       |     4 ||     4
Invok: Slouch            |       |       |       |       |     2 ||     2
Evoke: Wand              |       |       |       |       |     4 ||     4
  Use: Scroll            |       |     7 |       |     5 |    12 ||    24
       Potion            |       |       |     6 |     2 |     3 ||    11
 Stab: Sleeping          |       |     2 |       |     2 |     6 ||    10
       Confused          |       |       |       |     8 |     3 ||    11
       Invisible         |       |       |       |       |     4 ||     4
       Distracted        |       |       |       |       |     1 ||     1
  Eat: Chunk             |     1 |     7 |    14 |    10 |    23 ||    55
       Fruit             |       |       |     1 |       |       ||     1
Armor: Scale mail        |    13 |       |       |       |       ||    13
       Leather armour    |    23 |    85 |   104 |   121 |    37 ||   370
Dodge: Dodged            |    21 |   103 |   142 |   251 |   325 ||   842
       Deflected         |       |       |       |     4 |     5 ||     9
Block: Shield            |    50 |   123 |   173 |   348 |   322 ||  1016
       Rpst.: Long sword |     7 |    43 |    34 |    74 |    79 ||   237
